 Dungeon Crawl Stone Soup version 0.29.1-15-g9cfb28693d (webtiles) character file.

Game seed: 7385626074796434654

632196 redmage the Sorcerer (level 26, -4/184 HPs)
             Began as a Meteoran Earth Elementalist on Sept 11, 2023.
             Was the Champion of Sif Muna.
             Shot with an arrow by a deep elf master archer (24 damage)
             ... on level 11 of a ziggurat on Sept 13, 2023.
             The game lasted 06:59:09 (11231 turns).

redmage the Sorcerer (Meteoran Earth Elementalist) Turns: 11231, Time: 06:59:10

Health: -4/184     AC: 33    Str: 11 (13) XL:     26   Next: 55%
Magic:  10/50      EV: 17    Int: 25      God:    Sif Muna [******]
Gold:   3592       SH: 10    Dex: 15      Spells: 2/71 levels left

rFire   + . .      SeeInvis +   a - staff of conjuration
rCold   + + .      Faith    .   q - +2 buckler {rN+}
rNeg    + + .      Spirit   .   (body armour currently unavailable)
rPois   ∞          Reflect  .   C - +2 helmet {SInv}
rElec   +          Harm     .   A - +2 cloak {rCorr}
rCorr   +          Rampage  .   (gloves currently unavailable)
Will    +++..                   (boots currently unavailable)
Stlth   +.........              s - amulet of Perfectionism {RegenMP rC++}
HPRegen 0.40/turn               D - ring of protection from fire
MPRegen 0.72/turn               z - ring of Sloth {MP+9 Slay+3}

@: statue-form (expiring), death channelling, spewing sludge, animating dead,
glowing, studying 2 skills, unable to read, unable to drink, very slow
A: slow and powerful, torment resistance 1, boosted hp, sense surroundings 3,
otherworldly, glowing, explore regen, hooves 1, screaming 2, wild magic 1,
[deterioration 2], [dopey 1], [frail 2], [low MP 2], [inability to read after
injury 1]
}: 10/15 runes: decaying, slimy, silver, abyssal, demonic, glowing, magical,
fiery, dark, gossamer
a: End Transformation, Renounce Religion, Channel Magic, Forget Spell, Divine
Exegesis


You were on level 11 of a ziggurat.
You worshipped Sif Muna.
Sif Muna was exalted by your worship.
You were a living statue of rough stone.
You visited 8 branches of the dungeon, and saw 43 of its levels.
You visited Pandemonium 2 times, and saw 16 of its levels.
You visited the Abyss 2 times.
You visited 1 ziggurat, and saw 11 of its levels.
You also visited: Sewer, Bailey and Gauntlet.

You collected 4854 gold pieces.
You spent 1262 gold pieces at shops.

Inventory:

Hand Weapons
 c - a +5 vampiric broad axe
 o - a +9 scimitar of holy wrath
Missiles
 F - 5 curare-tipped darts (quivered)
 O - 2 throwing nets
Armour
 h - a +2 buckler of protection
 q - a +2 buckler of positive energy (worn)
 A - a +2 cloak of preservation (worn)
 C - a +2 helmet of see invisible (worn)
 M - a +0 troll leather armour (melded)
 V - a +2 pair of gloves (melded)
 Y - a +2 pair of boots of stealth (melded)
Magical Staves
 a - a staff of conjuration (weapon)
 B - a staff of fire
 Z - a staff of earth
Jewellery
 j - the ring of the Tortoise {AC+8}
   (You found it on level 5 of the Pits of Slime)

   [ring of protection]

   AC:        It affects your AC (+8).
 s - the amulet of Perfectionism (around neck) {RegenMP rC++}
   (You found it in a sewer)

   [amulet of magic regeneration]

   It increases your rate of magic regeneration.
   rC:        It greatly protects you from cold.
 x - the ring "Etyl" {Fire rPois Str+7 Dex+2}
   (You found it on level 6 of a ziggurat)

   [ring of fire]

   It enhances your fire magic.
   Str:       It affects your strength (+7).
   Dex:       It affects your dexterity (+2).
   rF:        It protects you from fire.
   rC:        It makes you vulnerable to cold.
   rPois:     It protects you from poison.
 z - the ring of Sloth (right fist) {MP+9 Slay+3}
   (You took it off a fire giant on level 5 of the Vaults)

   [ring of magical power]

   Slay:      It affects your accuracy & damage with ranged weapons and melee
   (+3).
   MP:        It affects your magic capacity (+9).
 D - a ring of protection from fire (left fist)
 Q - the ring "Nuosm" {Ice Drain Will++ Int+5}
   (You found it in Pandemonium)

   [ring of ice]

   It enhances your ice magic.
   Int:       It affects your intelligence (+5).
   rF:        It makes you vulnerable to fire.
   rC:        It protects you from cold.
   Drain:     It drains your maximum health when unequipped.
   Will:      It greatly increases your willpower.
 R - a ring of wizardry
Wands
 l - a wand of charming (28)
 w - a wand of iceblast (14)
 y - a wand of quicksilver (6)
 J - a wand of digging (8)
Scrolls
 f - 10 scrolls of fog
 k - 2 scrolls of blinking
 u - 3 scrolls of amnesia
 E - 4 scrolls of magic mapping
 H - a scroll of poison
 I - 4 scrolls of immolation
 K - a scroll of silence
 L - 9 scrolls of teleportation
 T - 5 scrolls of identify
 W - 5 scrolls of fear
Potions
 b - a potion of magic
 d - 13 potions of curing
 e - 3 potions of berserk rage
 g - 3 potions of resistance
 m - 7 potions of flight
 n - a potion of mutation
 p - 6 potions of heal wounds
 r - 6 potions of cancellation
 v - 6 potions of brilliance
 G - 8 potions of lignification
 N - 5 potions of might
 P - 6 potions of haste
 X - 3 potions of ambrosia
Miscellaneous
 i - a phantom mirror
 t - a condenser vane


   Skills:
 - Level 3.6 Fighting
 + Level 6.4 Long Blades
 - Level 8.0 Maces & Flails
 - Level 10.0 Dodging
 - Level 1.4 Stealth
 - Level 16.0 Shields
 + Level 23.0 Spellcasting
 - Level 9.0 Conjurations
 * Level 13.5 Necromancy
 - Level 8.0 Translocations
 - Level 14.0 Transmutations
 - Level 9.0 Ice Magic
 - Level 20.4 Air Magic
 - Level 20.0 Earth Magic
 - Level 10.0 Poison Magic
 - Level 12.0 Invocations
 - Level 8.0 Evocations


You had 2 spell levels left.
You knew the following spells:

 Your Spells              Type           Power      Damage    Failure   Level
a - Iron Shot             Conj/Erth      57%        9d11      1%          6
b - Passwall              Tmut/Erth      82%        N/A       1%          2
c - Lightning Bolt        Conj/Air       57%        1d80      1%          5
d - Borgnjor's Vile Clut  Necr/Erth      49%        N/A       1%          5
e - Freezing Cloud        Conj/Ice/Air   55%        6-21      1%          5
f - Animate Dead          Necr           90%        N/A       1%          4
g - Death Channel         Necr           45%        N/A       1%          6
h - Eringya's Noxious Bo  Tmut/Pois      43%        N/A       3%          6
i - Maxwell's Capacitive  Air            53%        ∞         4%          8
j - Blink                 Tloc           100%       N/A       1%          2
k - Shatter               Erth           53%        3d40*     45%         9
q - Apportation           Tloc           100%       N/A       1%          1
w - Statue Form           Tmut/Erth      66%        N/A       1%          6
z - Passage of Golubria   Tloc           74%        N/A       1%          4

Your spell library contained the following spells:

 Spells                   Type           Power      Damage    Failure   Level
 Beastly Appendage        Tmut           100%       N/A       1%          1
 Freeze                   Ice            100%       1d11      1%          1
 Magic Dart               Conj           100%       1d8       1%          1
 Necrotise                Necr           100%       1d9       1%          1
 Sandblast                Erth           100%       2d20      1%          1
 Shock                    Conj/Air       100%       1d9       1%          1
 Sting                    Tmut/Pois      100%       1d8       1%          1
 Ensorcelled Hibernation  Hex/Ice        100%       N/A       1%          2
 Sublimation of Blood     Necr           90%        N/A       1%          2
 Wereblood                Tmut           91%        N/A       1%          2
 Slow                     Hex            100%       N/A       2%          1
 Summon Small Mammal      Summ           100%       N/A       2%          1
 Conjure Flame            Conj/Fire      79%        6-21      1%          3
 Dazzling Flash           Conj/Hex       100%       N/A       1%          3
 Frozen Ramparts          Ice            100%       1d16      1%          3
 Gell's Gravitas          Tloc           74%        N/A       1%          3
 Ignite Poison            Fire/Tmut/Pois 73%        N/A       1%          3
 Lesser Beckoning         Tloc           74%        N/A       1%          3
 Mephitic Cloud           Conj/Pois/Air  100%       N/A       1%          3
 Ozocubu's Armour         Ice            77%        N/A       1%          3
 Portal Projectile        Hex/Tloc       100%       N/A       1%          3
 Spider Form              Tmut/Pois      86%        N/A       1%          3
 Stone Arrow              Conj/Erth      100%       3d13      1%          3
 Swiftness                Air            100%       N/A       1%          3
 Teleport Other           Tloc           74%        N/A       1%          3
 Vampiric Draining        Necr           90%        2d12      1%          3
 Airstrike                Air            53%        2d(8-24)  1%          4
 Anguish                  Hex/Necr       34%        N/A       1%          4
 Animate Armour           Summ/Erth      100%       N/A       1%          4
 Corpse Rot               Necr/Pois/Air  93%        N/A       1%          4
 Dispel Undead            Necr           90%        3d29      1%          4
 Hailstorm                Conj/Ice       97%        3d19      1%          4
 Ice Form                 Ice/Tmut       84%        N/A       1%          4
 Iskenderun's Mystic Bla  Conj/Tloc      96%        2d19      1%          4
 Leda's Liquefaction      Hex/Erth       40%        N/A       1%          4
 Olgreb's Toxic Radiance  Pois           80%        N/A       1%          4
 Petrify                  Tmut/Erth      99%        N/A       1%          4
 Summon Lightning Spire   Summ/Air       81%        N/A       1%          4
 Alistair's Intoxication  Tmut/Pois      57%        N/A       1%          5
 Blade Hands              Tmut           45%        N/A       1%          5
 Irradiate                Conj/Tmut      53%        3d29      1%          5
 Lee's Rapid Deconstruct  Erth           53%        3d26*     1%          5
 Silence                  Hex/Air        40%        N/A       1%          5
 Conjure Ball Lightning   Conj/Air       57%        3x3d21    1%          6
 Iskenderun's Battlesphe  Conj           97%        2d14      2%          5
 Storm Form               Tmut/Air       49%        N/A       2%          7
 Manifold Assault         Tloc           74%        N/A       3%          5
 Fulminant Prism          Conj/Hex       39%        3d18      4%          4
 Summon Ice Beast         Ice/Summ       61%        N/A       4%          4
 Yara's Violent Unravell  Hex/Tmut       35%        3d14      4%          5
 Dragon Form              Tmut           45%        N/A       6%          7
 Call Canine Familiar     Summ           37%        N/A       7%          3
 Confusing Touch          Hex            37%        N/A       7%          3
 Summon Guardian Golem    Hex/Summ       37%        N/A       7%          3
 Tukima's Dance           Hex            37%        N/A       7%          3
 Fireball                 Conj/Fire      39%        3d16      10%         5
 Metabolic Englaciation   Hex/Ice        30%        N/A       10%         5
 Summon Forest            Summ/Tloc      29%        N/A       12%         5
 Dispersal                Tloc           37%        N/A       13%         6
 Lehudib's Crystal Spear  Conj/Erth      57%        10d13     32%         8
 Orb of Destruction       Conj           48%        9d13      38%         7
 Necromutation            Tmut/Necr      45%        N/A       41%         8
 Starburst                Conj/Fire      39%        6d11      43%         6
 Borgnjor's Revivificati  Necr           45%        N/A       43%         8
 Infestation              Necr           45%        N/A       43%         8
 Summon Mana Viper        Hex/Summ       37%        N/A       45%         5
 Haunt                    Necr/Summ      34%        N/A       67%         7
 Spellforged Servitor     Conj/Summ      39%        N/A       92%         7
 Malign Gateway           Summ/Tloc      29%        N/A       96%         7
 Chain Lightning          Conj/Air       57%        3d76      99%         9
 Monstrous Menagerie      Summ           18%        N/A       100%        7
 Summon Hydra             Summ           18%        N/A       100%        7
 Summon Horrible Things   Summ           18%        N/A       100%        8
 Death's Door             Necr           45%        N/A       100%        9
 Dragon's Call            Summ           18%        N/A       100%        9
 Fire Storm               Conj/Fire      39%        8d10      100%        9


Dungeon Overview and Level Annotations

Branches:
Dungeon (15/15) Zot: 5899    Lair (5/5) D:11 Zot: 1774   Swamp (4/4) Lair:2 Zot: 1548
 Spider (4/4) Lair:2 Zot: 1477   Slime (5/5) Lair:5 Zot: 2427     Orc (2/2) D:12 Zot: 438
    Elf (0/3) Orc:2        Vaults (5/5) D:14 Zot: 1384   Crypt (0/3) Vaults:2
 Depths (3/4) D:15 Zot: 1401   Sewer (visited)          Bailey (visited)
Gauntlet (visited)
 Temple: D:4-7

Altars:
Ashenzari
Dithmenos
Hepliaklqana
Kikubaaqudgha
Nemelex Xobeh
Okawaru
Sif Muna
Uskayaw
Xom
Zin
Jiyva

Shops:
D:11 (   D:15 *   Orc:1 *?   Orc:2 :*[(=   Vaults:4 [

Portals:
Hell: Depths:3
Abyss: Depths:3
Pandemonium: Depths:1

Annotations:
D:3 1 transporter, Sapher's ghost, amateur OgEE
D:8 2 transporters, Sapher's ghost, novice OpTm
Vaults:3 1 transporter, vegansnacktivist's ghost, adept DDFi
Vaults:5 Mennas


Innate Abilities, Weirdness & Mutations

You are a living statue of rough stone.
Your actions are slow, but your melee attacks are powerful.
You are resistant to unholy torment.
Your maximum health is greatly increased.
You are immune to poison.
Your equipment is partially melded.
You passively map a large area around you.
You are easily found by Zot.
You glow in the dark.
You regain HP and MP as you explore.
You have large cloven feet.
You frequently scream uncontrollably at your foes.
Your spells are a little harder to cast, but a little more powerful.
[Your body often deteriorates upon taking damage.]
[You are dopey. (Int -2)]
[You are very frail. (-20% HP)]
[Your magical capacity is very low. (-20% MP)]
[You occasionally lose the ability to read scrolls when taking damage.]


Message History

The merfolk javelineer shouts!
Your transformation is almost over.
The centaur festers in the toxic bog!
The centaur looks as sick as possible!
The centaur misses you. x2
The centaur warrior festers in the toxic bog!
The centaur warrior looks as sick as possible!
The centaur warrior shoots an arrow.
The arrow hits your spectral yaktaur captain!
A yaktaur comes into view.
You scream at the yaktaur!
The deep elf master archer festers in the toxic bog!
The deep elf master archer looks as sick as possible!
The deep elf master archer wields a +1 longbow of freezing.
It is covered in frost.
The deep elf master archer shoots an arrow.
The arrow hits you!
* * * LOW HITPOINT WARNING * * *
The arrow freezes you.
* * * LOW HITPOINT WARNING * * *
The yaktaur captain is engulfed in freezing vapours.
The yaktaur captain festers in the toxic bog!!
The yaktaur captain looks as sick as possible!
The yaktaur captain shoots a bolt.
The bolt hits you!
* * * LOW HITPOINT WARNING * * *
The yaktaur captain festers in the toxic bog!
The yaktaur captain looks as sick as possible!
The yaktaur captain wields a +0 hand crossbow.
The yaktaur captain shoots a bolt.
The bolt hits your spectral deep elf master archer!!
Your spectral yaktaur captain barely misses the deep elf master archer.
The centaur festers in the toxic bog!
The centaur looks as sick as possible!
You kill the centaur!
Sif Muna accepts your kill.
The dead are walking!
A glowing mist starts to gather...
The deep elf master archer festers in the toxic bog!
The deep elf master archer looks as sick as possible!
The deep elf master archer shoots an arrow.
The arrow hits you!!
You feel threatened and lose the ability to read scrolls!
You die...

......, ......
,,*
▓▓▓▓▓▓▓......
▓...§.N..§...
▓.~~§§ec§.... ,
▓.~§~~c§..)c.
,, ,,
▓.~~§§m.....c ,
, ▓∩~~eZc..CZ.e
▓.8))Zcc.c..e
,,
▓Z~~~Z~...... ,
▓.~~~~~......,,
▓.......c....
▓▓▓▓▓▓▓...... *
...... *......
, , * *


You could see 2 yaktaur captains, 2 deep elf master archers, a merfolk
javelineer, a naga sharpshooter, a centaur warrior (extremely poisoned), a
cyclops, 4 yaktaurs, a friendly spectral deep elf master archer, a friendly
spectral centaur, a friendly spectral yaktaur captain and a friendly centaur
zombie.

Vanquished Creatures
  Cerebov (Pan)
  Ignacio (Pan)
  the Royal Jelly (Slime:5)
  Gloorx Vloq (Pan)
  Mnoleg (Pan)
  Lom Lobon (Pan)
  3 dread liches
  3 pandemonium lords (Pan)
  A profane servitor (Zig:6)
  A golden dragon (Vaults:5)
  4 bone dragons
  2 tentacled monstrosities
  2 Brimstone Fiends (Pan)
  Rupert (Orc:2)
  2 liches
  A Hell Sentinel (Pan)
  An Ice Fiend (Zig:8)
  A walking divine tome (Depths:2)
  2 titans (Vaults:5)
  A deep elf master archer (Zig:11)
  An ancient champion (Vaults:2)
  9 acid blobs
  10 Executioners (Pan)
  A tentacled starspawn (Zig:2)
  Kirke (Spider:4)
  A thorn hunter (Swamp:4)
  3 shadow dragons (Vaults:5)
  2 sphinxes
  A tengu reaver (Vaults:5)
  Donald (Swamp:4)
  2 fenstrider witches
  4 azure jellies (Slime:5)
  8 fire giants
  An iron dragon (Vaults:5)
  5 rockslimes
  A daeva (Abyss:1)
  6 frost giants
  An orc warlord (Orc:1)
  7 balrugs (Pan)
  A draconian knight (Zig:8)
  11 vault wardens
  7 cacodemons (Pan)
  Louise (Spider:4)
  Aizul (Swamp:4)
  2 emperor scorpions
  A draconian annihilator (Pan)
  3 broodmothers (Spider:4)
  2 curse skulls (Pan)
  5 ironbound preservers
  4 ironbound thunderhulks
  8 quicksilver oozes
  5 stone giants
  2 demonspawn corrupters (Pan)
  3 reapers
  A spriggan defender (Depths:2)
  A war gargoyle (Vaults:5)
  5 very ugly things
  A deep elf demonologist (Vaults:5)
  4 demonspawn black suns (Pan)
  2 lorocyprocas (Pan)
  A putrid mouth (Zig:6)
  2 eleionomae (Swamp:2)
  Azrael (D:15)
  A wendigo (Zig:1)
  A minotaur (Gauntlet)
  3 bunyips
  A spark wasp (Depths:2)
  3 deep elf annihilators
  A deep elf death mage (Vaults:3)
  3 entropy weavers
  An eidolon (Abyss:2)
  4 ettins
  4 green deaths
  8 blizzard demons (Pan)
  A jiangshi (Vaults:2)
  A merfolk javelineer (Zig:9)
  A deep elf high priest (Vaults:5)
  A shambling mangrove (Zig:7)
  6 yaktaur captains
  2 merfolk impalers (Zig:9)
  4 great orbs of eyes
  30 vault guards
  A hell beast (Pan)
  4 rakshasas
  13 hydras
  An ice dragon (Zig:8)
  An ironbound frostheart (Vaults:5)
  A boulder beetle (Lair:5)
  2 jorogumos
  A catoblepas (D:14)
  5 centaur warriors
  A juggernaut simulacrum (Pan)
  A radroach (Spider:1)
  A satyr (Zig:9)
  A ghost crab (Zig:7)
  A deep troll earth mage (Vaults:5)
  A naga warrior (Zig:5)
  A deep troll shaman (Lair:5)
  2 two-headed ogres
  16 death yaks
  2 tengu warriors
  6 alligators
  4 orc high priests (Orc:2)
  2 thrashing horrors
  Urug (D:13)
  17 sun demons (Pan)
  A spectral storm dragon (Zig:6)
  2 shock serpents (Zig:5)
  6 soul eaters (Pan)
  5 hell knights
  A shock serpent (shapeshifter) (Vaults:5)
  Nergalle (D:10)
  4 wretched stars
  15 sixfirhies
  An entropy weaver zombie (Vaults:5)
  A sun moth (Spider:3)
  5 spriggan druids
  2 pharaoh ants
  3 shadow wraiths (Pan)
  A fire crab (Gauntlet)
  13 orb spiders
  9 deep trolls
  3 steelbarb worms
  4 goliath frogs
  A flayed ghost (Abyss:1)
  An obsidian statue (Zig:5)
  3 lindwurms (Vaults:4)
  4 swamp dragons
  2 glowing orange brains (Pan)
  5 orc knights
  2 phantasmal warriors
  3 shadow demons (Pan)
  4 bog bodies
  5 wizards
  A harpy (Vaults:2)
  2 orange crystal statues (Zig:5)
  9 ironbound convokers
  2 shining eyes
  3 necromancers
  6 orc sorcerers
  9 wolf spiders
  3 deep elf pyromancers
  A stone giant zombie (Depths:3)
  6 ugly things
  A moth of wrath (shapeshifter) (Vaults:5)
  5 fauns (Zig:9)
  5 manticores
  2 worldbinders
  2 cyclopes
  A guardian serpent (Zig:5)
  4 ice statues
  3 moths of wrath
  25 large abominations
  A shadow dragon skeleton (Pan)
  5 black mambas
  5 elephants (Lair:2)
  7 vault sentinels
  Maurice (D:8)
  A centaur skeleton (D:15)
  10 cane toads
  2 gargoyles
  2 naga magi (D:15)
  8 demonic crawlers
  6 torpor snails
  8 smoke demons
  4 orange demons
  3 unseen horrors
  2 freezing wraiths
  4 tormentors
  2 rime drakes (Lair:2)
  3 efreet
  3 hellions
  15 yaktaurs
  4 ice devils
  2 komodo dragons (Lair:1)
  2 red devils (Pan)
  15 human zombies (Vaults:5)
  A tengu conjurer (Depths:3)
  8 merfolk (Zig:9)
  2 hornets
  A meliai (Spider:4)
  5 tyrant leeches
  3 polar bears
  5 trolls
  4 hellwings
  11 tarantellas
  3 bloated husks
  A wind drake (Zig:9)
  12 blink frogs
  6 raiju
  A shadow dragon simulacrum (Zig:8)
  34 slime creatures
  9 dream sheep (Lair:5)
  10 jumping spiders
  11 culicivoras
  3 centaur simulacra (D:15)
  11 ynoxinuls
  An ettin skeleton (Pan)
  A wyvern (Lair:1)
  A spriggan (Swamp:3)
  2 water elementals (D:15)
  4 fire elementals (D:15)
  2 wraiths
  A golden eye (Slime:5)
  A hog (Spider:4)
  A basilisk (Lair:2)
  4 fire bats (Gauntlet)
  4 steam dragons
  13 yaks
  32 redbacks
  8 humans
  5 chaos spawn (Pan)
  3 vampire mosquitoes
  12 neqoxecs
  4 wargs
  Edmund (D:6)
  4 swamp worms
  2 faun zombies (Zig:9)
  2 merfolk zombies (Zig:9)
  11 small abominations
  20 water moccasins
  2 acid dragons
  A hell hound (D:15)
  4 swamp drakes
  4 black bears
  4 ice beasts (Zig:8)
  32 orc warriors
  4 ogres
  5 sky beasts
  12 wolves
  12 centaurs
  A boggart (Vaults:2)
  A phantom (D:5)
  2 kobold brigands
  2 yaktaur zombies
  4 bullfrogs
  2 necrophages (D:4)
  2 scorpions
  7 wights
  5 howler monkeys
  2 electric eels
  6 starcursed masses
  2 hounds
  19 orc priests
  A boggart zombie (D:15)
  A gnoll bouda (D:8)
  An iguana (D:4)
  20 orc wizards
  18 adders
  8 gnolls
  A shadow imp (D:6)
  A white imp (Abyss:1)
  3 ufetubi
  2 worms
  71 orcs
  9 ball pythons
  5 endoplasms
  9 giant cockroaches
  9 hobgoblins
  7 jackals
  20 kobolds
  A quokka (Sewer)
  8 frilled lizards
  9 goblins
  2 rats
  3 fire vortices (Pan)
1268 creatures vanquished.

Vanquished Creatures (collateral kills)
  An ancient lich (Vaults:5)
  A golden dragon (Vaults:5)
  2 tentacled monstrosities (Vaults:5)
  An Ice Fiend (Pan)
  A deep elf master archer (Zig:11)
  A quicksilver dragon (Vaults:5)
  An eldritch tentacle (Pan)
  2 titans (Vaults:5)
  7 acid blobs
  6 Executioners (Pan)
  A tengu reaver (Vaults:5)
  A storm dragon (Vaults:5)
  2 azure jellies (Slime:5)
  2 shadow dragons (Vaults:5)
  2 rockslimes (Slime:5)
  A fire giant (Vaults:5)
  A frost giant (Vaults:5)
  A vault warden (Vaults:5)
  A balrug (Pan)
  3 emperor scorpions
  2 cacodemons (Pan)
  A ghost moth (Zig:3)
  A demonspawn blood saint (Pan)
  2 ironbound preservers
  A quicksilver ooze (Slime:5)
  4 broodmothers
  3 reapers (Pan)
  A stone giant (Vaults:3)
  3 very ugly things
  An entropy weaver (Vaults:5)
  An eleionoma (Swamp:1)
  A dire elephant (Lair:5)
  2 spark wasps
  A shambling mangrove (Swamp:1)
  2 green deaths (Pan)
  3 blizzard demons (Pan)
  A merfolk javelineer (Zig:9)
  A deep elf death mage (Vaults:5)
  2 deep elf high priests (Vaults:5)
  2 merfolk impalers (Zig:9)
  4 yaktaur captains
  2 great orbs of eyes
  6 hydras
  A vault guard (Vaults:5)
  An ogre mage (Vaults:5)
  A jorogumo (Spider:4)
  A juggernaut simulacrum (Pan)
  2 ironbound frosthearts
  A catoblepas (Lair:5)
  3 alligators
  A death yak (Lair:5)
  A satyr (Zig:9)
  A deep troll earth mage (Vaults:5)
  4 sun demons (Pan)
  A hell knight (Vaults:5)
  A shadow wraith (Pan)
  4 iron trolls
  A soul eater (Pan)
  4 pharaoh ants
  7 large abominations (Pan)
  4 sixfirhies (Pan)
  An orb spider (Spider:4)
  4 deep trolls
  2 glowing orange brains
  A goliath frog (Swamp:4)
  3 steelbarb worms
  4 swamp dragons
  A shadow demon (Depths:1)
  4 phantasmal warriors
  A bog body (Swamp:1)
  A mana viper (shapeshifter) (Vaults:5)
  5 harpies
  A manticore (Zig:9)
  An ironbound convoker (Vaults:5)
  8 wolf spiders
  2 fauns (Zig:9)
  3 shining eyes
  2 cyclopes (D:15)
  2 will-o-the-wisps
  5 ugly things
  A demonspawn zombie (Pan)
  A moth of wrath (Spider:4)
  2 elephants (Lair:5)
  A centaur zombie (D:15)
  A black mamba (Zig:5)
  A merfolk siren (Zig:9)
  A naga mage (Zig:5)
  2 vault sentinels
  2 torpor snails (Spider:4)
  A water nymph (Zig:9)
  A smoke demon (Pan)
  An eye of devastation (Slime:5)
  3 orange demons (Pan)
  2 ice statues (Pan)
  2 cane toads
  2 hellions (Pan)
  4 yaktaurs
  A tengu conjurer (D:15)
  5 demonic crawlers
  A komodo dragon (Lair:5)
  An ice devil (Pan)
  2 merfolk (Zig:9)
  3 tormentors (Pan)
  A red devil (Pan)
  A blink frog (Lair:2)
  2 tyrant leeches
  3 hornets
  A polar bear (Lair:5)
  17 slime creatures
  10 tarantellas
  A dream sheep (Lair:5)
  10 jumping spiders
  A water elemental (D:15)
  4 spriggans
  9 culicivoras
  A wraith (Vaults:2)
  4 yaks (Lair:5)
  A black mamba skeleton (Pan)
  4 neqoxecs (Pan)
  3 ynoxinuls (Pan)
  2 humans (D:14)
  13 redbacks
  2 vampire mosquitoes (Swamp:1)
  A naga (Zig:5)
  3 swamp worms
  5 water moccasins
  A small abomination (Abyss:1)
  2 swamp drakes
  6 wolves
  2 boggarts (Vaults:2)
  A centaur (D:15)
  An adder (Lair:3)
  2 orcs (Vaults:5)
330 creatures vanquished.

Vanquished Creatures (others)
  An Ice Fiend (Pan)
  An eldritch tentacle (Pan)
  A draconian knight (Zig:8)
  6 very ugly thing zombies
  A green death (Pan)
  A hydra (Swamp:1)
  A titan zombie (Vaults:5)
  A spark wasp zombie (Depths:2)
  A deep troll (Vaults:5)
  An orb spider (Spider:3)
  2 shadow dragon zombies (Vaults:5)
  A frost giant zombie (Vaults:5)
  4 ugly thing zombies
  A stone giant zombie (Vaults:5)
  2 fire giant zombies (Vaults:5)
  A shock serpent zombie (Vaults:5)
  5 elf zombies
  3 demonspawn zombies (Pan)
  10 yaktaur zombies
  2 iron troll zombies
  A bloated husk (Swamp:1)
  A moth of wrath zombie (Vaults:5)
  A harpy zombie (Vaults:2)
  5 demonic crawler zombies (Pan)
  A hornet (Zig:7)
  2 great orb of eyes zombies
  An ettin zombie (Vaults:5)
  An ice dragon zombie (Zig:8)
  5 deep troll zombies (Vaults:5)
  3 humans (Spider:4)
  A wind drake zombie (Zig:9)
  A chaos spawn (Pan)
  A neqoxec (Pan)
  2 merfolk zombies (Zig:9)
  A swamp worm (Swamp:3)
  An ogre zombie (Vaults:5)
  A tengu zombie (D:15)
  A faun zombie (Zig:9)
  32 human zombies
  A swamp drake (Swamp:4)
  A manticore zombie (D:15)
  A cyclops zombie (D:15)
  3 centaur zombies
  3 ice beast zombies (Zig:8)
  An orc zombie (Vaults:5)
  3 ball lightnings (Pan)
  A briar patch (Swamp:4)
  8 foxfires
  60 fungi
  98 plants
  7 starspawn tentacles (Zig:10)
295 creatures vanquished.

Grand Total: 1893 creatures vanquished

Notes
Turn   | Place    | Note
-------+----------+-------------------------------------------
     0 | D:1      | redmage the Meteoran Earth Elementalist began the quest for
                  | the Orb.
     0 | D:1      | Reached XP level 1. HP: 14/14 MP: 5/5
    71 | D:2      | Reached skill level 3 in Spellcasting
    71 | D:2      | Reached XP level 2. HP: 20/20 MP: 1/7
   132 | D:3      | Reached XP level 3. HP: 26/26 MP: 5/9
   136 | D:3      | Reached XP level 4. HP: 32/33 MP: 3/10
   147 | D:3      | Found a sparkling altar of Nemelex Xobeh.
   150 | D:3      | Reached skill level 4 in Spellcasting
   209 | D:3      | Found a transporter.
   209 | D:3      | Noticed Sapher's ghost (amateur OgEE)
   253 | D:3      | Reached skill level 5 in Earth Magic
   254 | D:3      | Reached XP level 5. HP: 37/38 MP: 10/12
   282 | D:3      | Learned a level 2 spell: Passwall
   286 | D:3      | Learned a level 3 spell: Stone Arrow
   347 | D:3      | Reached skill level 5 in Spellcasting
   385 | D:3      | Reached XP level 6. HP: 45/45 MP: 10/14
   408 | D:4      | Found a broken altar of Ashenzari.
   440 | D:5      | Entered Level 5 of the Dungeon
   452 | D:4      | Found an iron altar of Okawaru.
   505 | D:4      | Found a glowing drain.
   514 | D:4      | Reached XP level 7. HP: 50/50 MP: 14/16
   516 | D:4      | Reached skill level 6 in Spellcasting
   555 | Sewer    | Entered a sewer
   715 | Sewer    | Identified the amulet of Perfectionism {RegenMP rC++}
   796 | D:4      | Reached skill level 1 in Conjurations
   926 | D:5      | Identified a scroll of acquirement
   926 | D:5      | Acquired the +2 hat of the Iron City of Dis {rElec Dex+2}
  1015 | D:5      | Found a glowing silver altar of Zin.
  1015 | D:5      | Found an ancient bone altar of Kikubaaqudgha.
  1041 | D:5      | Reached XP level 8. HP: 57/57 MP: 12/19
  1044 | D:5      | Found a hide-covered altar of Uskayaw.
  1108 | D:5      | Found a shadowy altar of Dithmenos.
  1141 | D:6      | Reached skill level 7 in Spellcasting
  1153 | D:6      | Found a shimmering blue altar of Sif Muna.
  1167 | D:6      | Became a worshipper of Sif Muna the Loreminder
  1172 | D:6      | Found a shimmering altar of Xom.
  1195 | D:6      | Noticed Edmund
  1202 | D:6      | Killed Edmund
  1320 | D:9      | Reached skill level 1 in Invocations
  1346 | D:8      | Reached skill level 5 in Conjurations
  1350 | D:8      | Found a hazy altar of Hepliaklqana.
  1362 | D:8      | Reached skill level 1 in Fighting
  1362 | D:8      | Gained mutation: You passively map the area around you.
                  | [Meteoran growth]
  1362 | D:8      | Reached XP level 9. HP: 64/64 MP: 18/21
  1422 | D:8      | Noticed a two-headed ogre
  1426 | D:9      | Noticed a two-headed ogre
  1430 | D:9      | Killed a two-headed ogre
  1431 | D:9      | Reached skill level 8 in Spellcasting
  1431 | D:9      | Reached skill level 5 in Invocations
  1455 | D:8      | Found a flagged portal.
  1463 | D:8      | Learned a level 4 spell: Petrify
  1466 | Bailey   | Entered a bailey
  1478 | Bailey   | Reached * piety under Sif Muna
  1482 | Bailey   | Noticed an orc warlord
  1540 | Bailey   | Found a runed translucent gate.
  1542 | Bailey   | Found a runed translucent gate.
  1544 | Bailey   | Found a runed translucent gate.
  1645 | Bailey   | Identified the +7 great mace of Righteous Fury {venom,
                  | Will+}
  1677 | D:8      | Acquired the Quarto of Injurious Mortification
  1685 | D:8      | Learned a level 5 spell: Freezing Cloud
  1692 | D:8      | Learned a level 6 spell: Death Channel
  1695 | D:8      | Noticed Sapher's ghost (novice OpTm)
  1697 | D:8      | Found a transporter.
  1707 | D:8      | Noticed Maurice
  1718 | D:8      | Killed Maurice
  1719 | D:8      | Reached XP level 10. HP: 77/77 MP: 8/23
  1738 | D:8      | Found a transporter.
  1949 | D:10     | Entered Level 10 of the Dungeon
  2061 | D:10     | Reached skill level 5 in Air Magic
  2195 | D:10     | Reached skill level 5 in Ice Magic
  2199 | D:10     | Noticed Nergalle
  2207 | D:10     | Killed Nergalle
  2207 | D:10     | Reached ** piety under Sif Muna
  2208 | D:10     | Reached XP level 11. HP: 59/82 MP: 5/24
  2213 | D:11     | Noticed a five-headed hydra
  2373 | D:11     | Noticed a two-headed ogre
  2442 | D:11     | Killed a two-headed ogre
  2461 | D:11     | Killed a five-headed hydra
  2484 | D:11     | Found Ykkotul's Weapon Boutique.
  2526 | D:11     | Learned a level 5 spell: Lightning Bolt
  2528 | D:11     | You fall into a shaft and drop 2 floors!
  2556 | D:13     | Noticed a five-headed hydra
  2556 | D:13     | Noticed a purple ugly thing
  2565 | D:11     | Noticed a white ugly thing
  2580 | D:12     | Killed a white ugly thing
  2642 | D:12     | Found a staircase to the Orcish Mines.
  2674 | Orc:1    | Entered Level 1 of the Orcish Mines
  2701 | Orc:1    | Found Kofim's Gadget Gallery.
  2730 | Orc:1    | Noticed an ettin
  2735 | Orc:1    | Killed an ettin
  2736 | Orc:1    | Reached XP level 12. HP: 90/90 MP: 8/25
  2747 | Orc:1    | Found Notwu's Magic Scroll Boutique.
  2756 | Orc:1    | Bought 3 scrolls of magic mapping for 270 gold pieces
  2756 | Orc:1    | Bought a scroll of immolation for 48 gold pieces
  2789 | Orc:1    | Noticed an orc knight
  2798 | Orc:1    | Noticed a sun demon
  2801 | Orc:1    | Killed an orc knight
  2829 | Orc:2    | Entered Level 2 of the Orcish Mines
  2829 | Orc:2    | Noticed Rupert
  2835 | Orc:2    | Noticed a sixfirhy
  2836 | Orc:2    | Reached skill level 9 in Spellcasting
  2838 | Orc:2    | Killed Rupert
  2839 | Orc:2    | Found Ihosifum's Jewellery Emporium.
  2914 | Orc:2    | Reached *** piety under Sif Muna
  2919 | Orc:2    | Found a staircase to the Elven Halls.
  3064 | Orc:2    | Noticed an orc high priest
  3065 | Orc:2    | Reached skill level 10 in Spellcasting
  3066 | Orc:2    | Noticed an orc knight
  3067 | Orc:2    | Reached skill level 10 in Invocations
  3069 | Orc:2    | Killed an orc high priest
  3070 | Orc:2    | Noticed an orc warlord
  3089 | Orc:2    | Reached skill level 1 in Necromancy
  3093 | Orc:2    | Killed an orc knight
  3110 | Orc:2    | Reached XP level 13. HP: 82/95 MP: 20/28
  3141 | Orc:1    | Killed an orc warlord
  3165 | Orc:1    | Reached **** piety under Sif Muna
  3207 | Orc:2    | Reached skill level 10 in Air Magic
  3237 | Orc:2    | Reached skill level 11 in Spellcasting
  3237 | Orc:2    | Reached skill level 5 in Necromancy
  3347 | Orc:2    | Found Athunefi's Antique Armour Boutique.
  3347 | Orc:2    | Found Noanathraff's General Store.
  3347 | Orc:2    | Found Kaekoo's Antique Weapon Boutique.
  3347 | Orc:2    | Found Pinidd's Book Shop.
  3366 | Orc:2    | Bought a book of Cantrips for 156 gold pieces
  3366 | Orc:2    | Bought a wand of digging (7) for 382 gold pieces
  3392 | Orc:2    | Learned a level 1 spell: Apportation
  3486 | D:11     | Found a staircase to the Lair.
  3498 | D:11     | Reached skill level 1 in Translocations
  3516 | Lair:1   | Entered Level 1 of the Lair of Beasts
  3521 | Lair:1   | Noticed a death yak
  3529 | Lair:1   | Killed a death yak
  3530 | Lair:1   | Reached skill level 1 in Maces & Flails
  3537 | Lair:1   | Noticed a death yak
  3541 | Lair:1   | Noticed a death yak
  3543 | Lair:1   | Noticed a death yak
  3545 | Lair:1   | Noticed a death yak
  3545 | Lair:1   | Noticed a death yak
  3546 | Lair:1   | Killed a death yak
  3549 | Lair:1   | Killed a death yak
  3549 | Lair:1   | Killed a death yak
  3549 | Lair:1   | Killed a death yak
  3550 | Lair:1   | Killed a death yak
  3637 | Lair:2   | Reached XP level 14. HP: 102/102 MP: 22/30
  3695 | Lair:2   | Reached skill level 12 in Spellcasting
  3701 | Lair:2   | Found a staircase to the Swamp.
  3703 | Lair:2   | Reached ***** piety under Sif Muna
  3741 | Lair:2   | Found a gate leading to a gauntlet.
  3751 | Gauntlet | Entered a Gauntlet
  3751 | Gauntlet | Found a transporter.
  3751 | Gauntlet | Found a transporter.
  3753 | Gauntlet | Found a transporter.
  3755 | Gauntlet | Found a transporter.
  3755 | Gauntlet | Found a transporter.
  3755 | Gauntlet | Found a transporter.
  3763 | Gauntlet | Noticed a green death
  3798 | Gauntlet | Reached skill level 5 in Maces & Flails
  3814 | Gauntlet | Found a transporter.
  3816 | Gauntlet | Found a transporter.
  3829 | Gauntlet | Received a gift from Sif Muna
  3831 | Gauntlet | Got Sif Muna's Cyclopedia of Orientation and Left-Handed
                  | Mysteries {god gift}
  3839 | Gauntlet | Learned a level 5 spell: Borgnjor's Vile Clutch
  3874 | Gauntlet | Found a transporter.
  3883 | Gauntlet | Reached skill level 10 in Necromancy
  3904 | Gauntlet | Identified the amulet of Ofoerghavem {RegenMP rCorr Int+3}
  3912 | Gauntlet | Noticed a minotaur
  3917 | Gauntlet | Killed a minotaur
  3920 | Gauntlet | Found a transporter.
  4040 | Lair:5   | Entered Level 5 of the Lair of Beasts
  4047 | Lair:5   | Reached skill level 1 in Evocations
  4062 | Lair:5   | Reached skill level 13 in Spellcasting
  4123 | Lair:5   | Found a staircase to the Slime Pits.
  4123 | Lair:5   | Found a viscous altar of Jiyva.
  4137 | Lair:5   | Reached XP level 15. HP: 102/107 MP: 21/33
  4463 | Lair:5   | Reached skill level 5 in Evocations
  4566 | Lair:4   | Received a gift from Sif Muna
  4569 | Lair:4   | Got Sif Muna's Compilation of the Swarm and the Figure {god
                  | gift}
  4614 | Lair:2   | Learned a level 6 spell: Statue Form
  4615 | Swamp:1  | Entered Level 1 of the Swamp
  4619 | Swamp:1  | Reached skill level 14 in Spellcasting
  4625 | Swamp:1  | Reached skill level 5 in Transmutations
  4640 | Swamp:1  | Reached XP level 16. HP: 98/115 MP: 1/35
  4647 | Swamp:1  | HP: 1/115 [eleionoma/spray of wooden splinters (44)]
  4689 | Swamp:2  | Noticed a fenstrider witch
  4694 | Swamp:2  | Killed a fenstrider witch
  4695 | Swamp:2  | Reached skill level 10 in Earth Magic
  4723 | Swamp:2  | Learned a level 6 spell: Eringya's Noxious Bog
  4753 | Swamp:2  | Reached skill level 1 in Poison Magic
  4929 | Swamp:4  | Entered Level 4 of the Swamp
  4949 | Swamp:4  | Noticed a thorn hunter
  4955 | Swamp:4  | Killed a thorn hunter
  4958 | Swamp:4  | Reached skill level 10 in Transmutations
  4975 | Swamp:3  | Noticed a fenstrider witch
  5003 | Swamp:3  | Killed a fenstrider witch
  5050 | Swamp:4  | Noticed Aizul
  5055 | Swamp:4  | Noticed Donald
  5056 | Swamp:4  | Noticed a tentacled monstrosity
  5061 | Swamp:4  | Killed Donald
  5062 | Swamp:4  | Killed Aizul
  5065 | Swamp:4  | Killed a tentacled monstrosity
  5066 | Swamp:4  | Reached skill level 5 in Poison Magic
  5087 | Swamp:4  | Reached skill level 1 in Shields
  5110 | Swamp:4  | Reached XP level 17. HP: 116/121 MP: 12/36
  5128 | Swamp:4  | Received a gift from Sif Muna
  5136 | Swamp:4  | Got a decaying rune of Zot
  5216 | Lair:2   | Identified the +3 dagger of the Enemy {freeze, rCorr Int-2
                  | SInv}
  5262 | Lair:2   | Found a hole to the Spider Nest.
  5284 | Spider:1 | Entered Level 1 of the Spider Nest
  5321 | Spider:1 | Reached skill level 15 in Spellcasting
  5506 | Spider:3 | Received a gift from Sif Muna
  5507 | Spider:3 | Got Sif Muna's Encyclopedia of Damaging Fog {god gift}
  5547 | Spider:3 | Reached skill level 5 in Shields
  5582 | Spider:4 | Entered Level 4 of the Spider Nest
  5582 | Spider:4 | Noticed Louise
  5587 | Spider:4 | Killed Louise
  5589 | Spider:4 | Gained mutation: You passively map a large area around you.
                  | [Meteoran growth]
  5589 | Spider:4 | Reached XP level 18. HP: 112/127 MP: 18/38
  5592 | Spider:4 | HP: 6/165 [pharaoh ant (14)]
  5681 | Spider:4 | Reached skill level 16 in Spellcasting
  5692 | Spider:4 | Reached ****** piety under Sif Muna
  5693 | Spider:4 | Received a gift from Sif Muna
  5712 | Spider:4 | Noticed Kirke
  5716 | Spider:4 | Killed Kirke
  5788 | Spider:4 | Reached skill level 10 in Shields
  5791 | Spider:4 | Received a gift from Sif Muna
  5793 | Spider:4 | Got Sif Muna's Tome of Calling and Forms {god gift}
  5823 | Spider:4 | Got a gossamer rune of Zot
  6057 | Lair:5   | Learned a level 8 spell: Maxwell's Capacitive Coupling
  6062 | Slime:1  | Entered Level 1 of the Pits of Slime
  6091 | Slime:1  | Noticed an acid blob
  6095 | Slime:1  | Killed an acid blob
  6106 | Slime:2  | Noticed an acid blob
  6106 | Slime:2  | Noticed an acid blob
  6111 | Slime:2  | Killed an acid blob
  6111 | Slime:2  | Killed an acid blob
  6112 | Slime:2  | Reached XP level 19. HP: 104/133 MP: 22/40
  6113 | Slime:2  | Noticed an acid blob
  6123 | Slime:2  | Killed an acid blob
  6135 | Slime:3  | Noticed an acid blob
  6139 | Slime:3  | Killed an acid blob
  6197 | Slime:4  | Gained mutation: You are clumsy. (Dex -2) [a shining eye]
  6200 | Slime:4  | Gained mutation: Armour fits poorly on your strangely
                  | shaped body. [a shining eye]
  6207 | Slime:5  | Entered Level 5 of the Pits of Slime
  6218 | Slime:5  | Noticed an acid blob
  6225 | Slime:5  | Killed an acid blob
  6229 | Slime:5  | Reached skill level 15 in Air Magic
  6244 | Slime:5  | Gained mutation: You are resistant to electric shocks.
                  | (rElec) [a shining eye]
  6263 | Slime:5  | Found a viscous altar of Jiyva.
  6263 | Slime:5  | Found the ring of the Tortoise {AC+8}
  6264 | Slime:5  | Noticed the Royal Jelly
  6264 | Slime:5  | Noticed an acid blob
  6264 | Slime:5  | Noticed an acid blob
  6272 | Slime:5  | Killed an acid blob
  6273 | Slime:5  | Noticed an acid blob
  6276 | Slime:5  | Noticed an acid blob
  6280 | Slime:5  | Killed an acid blob
  6283 | Slime:5  | Noticed an acid blob
  6286 | Slime:5  | Killed an acid blob
  6288 | Slime:5  | Killed an acid blob
  6289 | Slime:5  | Noticed an acid blob
  6290 | Slime:5  | Noticed an acid blob
  6290 | Slime:5  | Killed the Royal Jelly
  6292 | Slime:5  | Killed an acid blob
  6298 | Slime:5  | Killed an acid blob
  6298 | Slime:5  | Noticed an acid blob
  6301 | Slime:5  | Killed an acid blob
  6309 | Slime:5  | Noticed an acid blob
  6317 | Slime:5  | Killed an acid blob
  6318 | Slime:5  | Killed an acid blob
  6335 | Slime:5  | Found the +3 salamander hide armour {Flames rF++ rC--}
  6338 | Slime:5  | Identified the +8 falchion "Jail" {protect, rElec Will+}
  6363 | Slime:5  | Got Ydghan's Atlas of the Salvo and the Snake
  6394 | Slime:5  | Got Tyfaal's Papyrus of Mutable Glamour
  6394 | Slime:5  | Got a slimy rune of Zot
  6406 | Slime:5  | Identified the ring "Nuson" {rElec MP+9 Dex+4}
  6419 | Slime:5  | Learned a level 4 spell: Animate Dead
  6621 | D:13     | Noticed Urug
  6627 | D:13     | Killed Urug
  6655 | D:15     | Entered Level 15 of the Dungeon
  6720 | D:14     | Reached XP level 20. HP: 123/140 MP: 23/41
  6730 | D:14     | Received a gift from Sif Muna
  6732 | D:14     | Got Sif Muna's Directory of Altered Pyromania {god gift}
  6778 | D:14     | Found a gate to the Vaults.
  6788 | Vaults:1 | Entered Level 1 of the Vaults
  6915 | Vaults:2 | Identified the +1 ring mail of Supple Strength {rElec rF-
                  | Int+4 SInv}
  6966 | Vaults:2 | Found a staircase to the Crypt.
  7047 | Vaults:3 | Found a transporter.
  7050 | Vaults:3 | Noticed vegansnacktivist's ghost (adept DDFi)
  7100 | Vaults:3 | Got the Volume of the Creative Iceberg
  7185 | Vaults:4 | Found Tucid's Armour Emporium.
  7235 | Vaults:5 | Entered Level 5 of the Vaults
  7240 | Vaults:5 | Received a gift from Sif Muna
  7242 | Vaults:5 | Reached XP level 21. HP: 146/146 MP: 20/42
  7244 | Vaults:5 | Noticed an ancient lich
  7252 | Vaults:5 | Killed an ancient lich
  7262 | Vaults:5 | Reached skill level 10 in Poison Magic
  7269 | Vaults:5 | Reached skill level 15 in Shields
  7287 | Vaults:5 | Received a gift from Sif Muna
  7291 | Vaults:5 | Noticed a golden dragon
  7292 | Vaults:5 | Noticed a dread lich
  7297 | Vaults:5 | Noticed a golden dragon
  7377 | Vaults:5 | Noticed a dread lich
  7380 | Vaults:5 | Noticed a Brimstone Fiend
  7386 | Vaults:5 | Killed a dread lich
  7405 | Vaults:5 | Noticed a tentacled monstrosity
  7421 | Vaults:5 | Killed a tentacled monstrosity
  7433 | Vaults:5 | Reached XP level 22. HP: 133/152 MP: 6/43
  7453 | Vaults:5 | Reached skill level 17 in Spellcasting
  7521 | Vaults:5 | Learned a level 3 spell: Stone Arrow
  7539 | Vaults:5 | Killed a golden dragon
  7539 | Vaults:5 | Killed a golden dragon
  7613 | Vaults:5 | Got the Secrets of Cunning Graupel
  7625 | Vaults:5 | Learned a level 4 spell: Passage of Golubria
  7665 | Vaults:5 | Identified the ring of Sloth {MP+9 Slay+3}
  7670 | Vaults:5 | Identified the +3 war axe of the Leaping Pill Bug {drain,
                  | Int+6}
  7672 | Vaults:5 | Received a gift from Sif Muna
  7681 | Vaults:5 | Reached skill level 5 in Translocations
  7886 | Vaults:5 | Killed a dread lich
  7896 | Vaults:5 | Got a silver rune of Zot
  7941 | Vaults:5 | Noticed Mennas
  8129 | D:15     | Noticed Azrael
  8134 | D:15     | Killed Azrael
  8176 | D:15     | Found Manil's Assorted Antiques.
  8187 | D:15     | Bought a potion of might for 116 gold pieces
  8187 | D:15     | Bought a potion of haste for 290 gold pieces
  8303 | D:15     | Received a gift from Sif Muna
  8304 | D:15     | Got Sif Muna's Secrets of Evil Liturgies and the Voyage
                  | {god gift}
  8309 | D:15     | Found a staircase to the Depths.
  8322 | Depths:1 | Entered Level 1 of the Depths
  8335 | Depths:1 | Reached skill level 18 in Spellcasting
  8339 | Depths:1 | Found a one-way gate leading to the halls of Pandemonium.
  8351 | Pan      | Entered Pandemonium
  8386 | Pan      | Entered the realm of Mnoleg.
  8386 | Pan      | Noticed Mnoleg
  8429 | Pan      | Gained mutation: [Your magical capacity is low. (-10% MP)]
                  | [a neqoxec]
  8483 | Pan      | Reached XP level 23. HP: 151/158 MP: 16/41
  8498 | Pan      | Learned a level 6 spell: Iron Shot
  8540 | Pan      | Reached skill level 19 in Spellcasting
  8552 | Pan      | Killed Mnoleg
  8559 | Pan      | Got a glowing rune of Zot
  8561 | Pan      | Gained mutation: You sometimes lose your temper in combat.
                  | [a neqoxec]
  8574 | Pan      | Lost mutation: You are resistant to electric shocks.
                  | (rElec) [potion of mutation]
  8574 | Pan      | Lost mutation: [Your magical capacity is low. (-10% MP)]
                  | [potion of mutation]
  8574 | Pan      | Gained mutation: Your mind is acute. (Int +4, Str/Dex -1)
                  | [potion of mutation]
  8574 | Pan      | Gained mutation: You expend magic power (3 MP) to
                  | strengthen your wands. [potion of mutation]
  8574 | Pan      | Gained mutation: Your muscles are strong. (Str +4, Int/Dex
                  | -1) [potion of mutation]
  8575 | Pan      | Lost mutation: Your mind is acute. (Int +4, Str/Dex -1)
                  | [potion of mutation]
  8575 | Pan      | Lost mutation: Armour fits poorly on your strangely shaped
                  | body. [potion of mutation]
  8575 | Pan      | Gained mutation: You are resistant to electric shocks.
                  | (rElec) [potion of mutation]
  8575 | Pan      | Gained mutation: [You are frail. (-10% HP)] [potion of
                  | mutation]
  8576 | Pan      | Lost mutation: You are clumsy. (Dex -2) [potion of
                  | mutation]
  8576 | Pan      | Lost mutation: You are resistant to electric shocks.
                  | (rElec) [potion of mutation]
  8576 | Pan      | Gained mutation: Your flesh is heat resistant. (rF+)
                  | [potion of mutation]
  8576 | Pan      | Gained mutation: You are partially covered in iridescent
                  | scales. (AC +2) [potion of mutation]
  8579 | Pan      | Lost mutation: You expend magic power (3 MP) to strengthen
                  | your wands. [potion of mutation]
  8579 | Pan      | Lost mutation: You are partially covered in iridescent
                  | scales. (AC +2) [potion of mutation]
  8579 | Pan      | Gained mutation: You are partially covered in large bone
                  | plates. (SH +4) [potion of mutation]
  8579 | Pan      | Lost mutation: Your muscles are strong. (Str +4, Int/Dex
                  | -1) [potion of mutation]
  8580 | Pan      | Lost mutation: Your flesh is heat resistant. (rF+) [potion
                  | of mutation]
  8580 | Pan      | Lost mutation: You are partially covered in large bone
                  | plates. (SH +4) [potion of mutation]
  8580 | Pan      | Lost mutation: [You are frail. (-10% HP)] [potion of
                  | mutation]
  8580 | Pan      | Gained mutation: [Your body sometimes deteriorates upon
                  | taking damage.] [potion of mutation]
  8582 | Pan      | Lost mutation: You sometimes lose your temper in combat.
                  | [potion of mutation]
  8582 | Pan      | Lost mutation: [Your body sometimes deteriorates upon
                  | taking damage.] [potion of mutation]
  8582 | Pan      | Gained mutation: Your spells are a little harder to cast,
                  | but a little more powerful. [potion of mutation]
  8582 | Pan      | Gained mutation: You have large cloven feet. [potion of
                  | mutation]
  8582 | Pan      | Gained mutation: You occasionally shout uncontrollably at
                  | your foes. [potion of mutation]
  8605 | Pan      | Gained mutation: You frequently scream uncontrollably at
                  | your foes. [a cacodemon]
  8755 | Pan      | Received a gift from Sif Muna
  8760 | Pan      | Got Tivat's Directory of the Reformed Flock {god gift}
  8817 | Pan      | Noticed Zowken the pandemonium lord
  8829 | Pan      | Killed Zowken the pandemonium lord
  8830 | Pan      | Reached skill level 20 in Spellcasting
  8911 | Pan      | Learned a level 2 spell: Blink
  8939 | Pan      | Reached skill level 5 in Dodging
  8999 | Pan      | Identified the +0 plate armour "Tege" {Str+3}
  9015 | Pan      | Noticed Koptobb the pandemonium lord
  9032 | Pan      | Killed Koptobb the pandemonium lord
  9056 | Pan      | Reached XP level 24. HP: 166/166 MP: 15/48
  9105 | Pan      | Got a demonic rune of Zot
  9121 | Pan      | Entered the realm of Gloorx Vloq.
  9146 | Pan      | Received a gift from Sif Muna
  9186 | Pan      | Got Sif Muna's Tome of Excruciating Charms {god gift}
  9198 | Pan      | Reached skill level 21 in Spellcasting
  9219 | Pan      | Noticed Gloorx Vloq
  9224 | Pan      | Killed Gloorx Vloq
  9231 | Pan      | Got a dark rune of Zot
  9332 | Pan      | Found a runed translucent door.
  9332 | Pan      | Found a runed translucent door.
  9336 | Pan      | Found a runed translucent door.
  9342 | Pan      | Found a runed translucent door.
  9356 | Pan      | Entered the realm of Lom Lobon.
  9496 | Pan      | Reached skill level 15 in Earth Magic
  9522 | Pan      | Noticed Lom Lobon
  9525 | Pan      | Killed Lom Lobon
  9539 | Pan      | Got a magical rune of Zot
  9569 | Pan      | Reached skill level 10 in Dodging
  9597 | Pan      | Noticed Ignacio
  9606 | Pan      | Killed Ignacio
  9659 | Pan      | Found an exit through the horrors of the Abyss.
  9674 | Pan      | Took an exit into the Abyss.
  9674 | Abyss:1  | Escaped into the Abyss
  9743 | Abyss:1  | Received a gift from Sif Muna
  9783 | Abyss:1  | Noticed a profane servitor
  9854 | Abyss:1  | Reached skill level 22 in Spellcasting
  9854 | Abyss:1  | Reached XP level 25. HP: 171/171 MP: 32/50
 10101 | Depths:1 | Escaped the Abyss
 10113 | Pan      | Entered the realm of Cerebov.
 10113 | Pan      | Entered Pandemonium
 10153 | Pan      | Identified the ring "Nuosm" {Ice Drain Will++ Int+5}
 10159 | Pan      | Got the Book of the Stoat
 10234 | Pan      | Found the +6 sword of Cerebov {flame}
 10234 | Pan      | Noticed Cerebov
 10302 | Pan      | Received a gift from Sif Muna
 10303 | Pan      | Got Sif Muna's Monograph on Lethal Permutations {god gift}
 10314 | Pan      | Killed Cerebov
 10327 | Pan      | Got a fiery rune of Zot
 10415 | Pan      | Noticed Usotumpoyb the pandemonium lord
 10418 | Pan      | Killed Usotumpoyb the pandemonium lord
 10419 | Pan      | Reached skill level 23 in Spellcasting
 10432 | Pan      | Found a runed translucent door.
 10459 | Depths:1 | Escaped Pandemonium
 10574 | Depths:3 | Found a gateway to Hell.
 10593 | Depths:3 | Found a one-way gate to the infinite horrors of the Abyss.
 10611 | Depths:3 | Learned a level 9 spell: Shatter
 10612 | Depths:3 | Voluntarily entered the Abyss.
 10741 | Abyss:3  | Got an abyssal rune of Zot
 10771 | Depths:3 | Escaped the Abyss
 10804 | Depths:3 | Found a one-way gateway to a ziggurat.
 10804 | Depths:3 | Noticed a dread lich
 10874 | Depths:3 | Killed a dread lich
 10884 | Zig:1    | Entered Level 1 of a ziggurat
 10888 | Zig:1    | Paralysed by a wendigo for 1 turns
 10890 | Zig:1    | Reached XP level 26. HP: 178/178 MP: 30/51
 10907 | Zig:2    | Entered Level 2 of a ziggurat
 10929 | Zig:3    | Entered Level 3 of a ziggurat
 10952 | Zig:4    | Entered Level 4 of a ziggurat
 10961 | Zig:4    | Reached skill level 1 in Long Blades
 10970 | Zig:4    | Identified the +7 glaive "Wiel" {vorpal, Str+2 Int+3}
 10975 | Zig:5    | Entered Level 5 of a ziggurat
 11019 | Zig:6    | Entered Level 6 of a ziggurat
 11028 | Zig:6    | Received a gift from Sif Muna
 11051 | Zig:6    | Identified the ring "Etyl" {Fire rPois Str+7 Dex+2}
 11061 | Zig:7    | Entered Level 7 of a ziggurat
 11084 | Zig:7    | Identified the +8 chain mail of Mumblety Peg {rElec}
 11093 | Zig:8    | Entered Level 8 of a ziggurat
 11111 | Zig:8    | Reached skill level 5 in Long Blades
 11133 | Zig:8    | Identified the +6 scale mail of Duty {Contam rF+ Dex+3 SInv
                  | Stlth+}
 11145 | Zig:9    | Entered Level 9 of a ziggurat
 11167 | Zig:9    | Identified the +4 ring mail "Ewkil" {Str+3 Int+2 Dex+4
                  | Stlth+}
 11179 | Zig:10   | Entered Level 10 of a ziggurat
 11204 | Zig:10   | Identified the +8 quarterstaff of the Sun {vorpal, Stlth+}
 11206 | Zig:10   | Identified the +7 quarterstaff "Tixigal" {antimagic,
                  | Stlth+}
 11207 | Zig:10   | Identified the amulet "Kapau" {Acrobat -Cast rCorr Str+5}
 11209 | Zig:11   | Entered Level 11 of a ziggurat
 11231 | Zig:11   | Shot with an arrow by a deep elf master archer

Illustrated notes

Levels and vault maps discovered:
D:1:      dpeg_arrival_connections, layout_basic,
          dreamdust_ecumenical_altar_hidden_monk_grotto, minivault_23,
          chequers_garden
D:2:      layout_rooms
D:3:      layout_rooms, nemelex_altar_shiori, gammafunk_ghost_mausoleum
D:4:      layout_basic, mainiacjoe_overflow_boulevard,
          okawaru_ov_weapons_minmay, gup_sewer_entry_glass
D:5:      kennysheep_windowed_halls, layout_loops_corners,
          mainiacjoe_overflow_alcove_4, grunt_dithmenos_smoke_and_mirrors,
          gammafunk_temple_overflow_elements, uniq_duvessa
D:6:      layout_loops_corners, mainiacjoe_overflow_catch_the_wave,
          minmay_temple_entry_wispy, hangedman_decor_peaks_small, uniq_edmund
D:7:      layout_loops_corners
D:8:      layout_cave_pools, mainiacjoe_overflow_alcove_2, enter_bailey_3,
          gammafunk_ghost_arena, uniq_maurice
D:9:      layout_irregular_city, nzn_wu_jian_council_hall,
          serial_co_window_serial, co_window_corner_a, co_window_paths_a,
          co_window_of_opportunity_a, co_window_cross_1, co_window_paths_a,
          co_window_corner_a, co_window_corner_a, co_window_broadway_b,
          co_window_corner_b, co_window_2corner, glass_columns_a,
          glass_columns_c, glass_columns_a, kennysheep_generic_room_12
D:10:     layout_cross, hangedman_misty_isle, uniq_nergalle
D:11:     layout_basic, due_lair_maze_entry_diamond, serial_shops,
          nicolae_shop_bloodbath_and_beyond, minmay_microvault
D:12:     layout_irregular_city, david_orc_1_choice, enter_trove_5
D:13:     layout_roguey, hellmonk_guarded_unrand_vines, uniq_urug
D:14:     layout_loops_ring, ximxim_vaults_locker_room,
          chequers_serial_rivers_marsh
D:15:     grunt_enter_depths_magical_seal, layout_loops_ring,
          serial_bayou_shore_a, serial_shops, nicolae_shop_statue_plus,
          uniq_nessos, uniq_azrael
Lair:1:   layout_misc_corridors, lemuel_fruit_tree, grunt_megastairs_5
Lair:2:   layout_small_grid, swamp_mist_pool, spider_nest_entry_funnel_web,
          gauntlet_entry_generic, portal_ice_cave_entry_ice_simulacra
Lair:3:   lemuel_reptile_caves, layout_regular_city, grunt_megastairs_2
Lair:4:   layout_cave_shapes
Lair:5:   grunt_lair_end_beastmaster, layout_regular_city, slime_entry_1,
          st_stairs_13, chequers_serial_rivers_micro_a
Swamp:1:  layout_falls_marsh, wheals_swamp_sinkhole
Swamp:2:  layout_falls_marsh, nicolae_swamp_orc_logging_accident, swamp_pool1
Swamp:3:  layout_basic_swamp, serial_swamp_ruin, evilmike_swamp_ruin_house_5,
          evilmike_swamp_ruin_house_4, evilmike_swamp_ruin_wall
Swamp:4:  swamp, layout_basic_swamp, uniq_aizul, uniq_donald
Spider:1: layout_cave_pods
Spider:2: nicolae_spider_hilbert_zone_5 [nicolae_spider_hilbert_3_sides_1_open,
          nicolae_spider_hilbert_4_sides_1_open,
          nicolae_spider_hilbert_4_sides_1_open,
          nicolae_spider_hilbert_6_sides_1_open,
          nicolae_spider_hilbert_6_sides_1_open],
          nicolae_spider_some_kinda_spiderbox
Spider:3: layout_spider_delve, nicolae_orb_island
Spider:4: hellmonk_spider_rune_endless_swarm, uniq_kirke, uniq_louise
Slime:1:  layout_caves, cheibrodos_slime_lost_civilization_6
Slime:2:  layout_caves
Slime:3:  layout_caves
Slime:4:  nicolae_slime_pool, layout_caves
Slime:5
Orc:1:    layout_caves, serial_shops, shop_statue, nicolae_shop_gadgets
Orc:2:    st_orc_congregation, layout_diamond_mine, serial_shops, shop,
          uniq_rupert
Vaults:1: nicolae_vaults_ninety_degrees, hangedman_vaults_river_flow,
          nicolae_vaults_ring_of_whatevers, nicolae_vaults_network_periphery,
          hangedman_vaults_variations, nicolae_vaults_little_squares_2,
          vaults_room_pools, v_misc_2, door_vault,
          vaults_mumra_minichess_inversion, nicolae_vaults_diagonal_hallway_7,
          layout_vaults_ring
Vaults:2: hangedman_vaults_slice, minmay_crypt_entry_simple_plaza,
          v_alt_pattern_4, nicolae_vaults_little_ls,
          nicolae_vaults_windows_and_doors_thing, vaults_dpeg_encased_lava,
          layout_vaults_chaotic_city, serial_shops, nicolae_shop_statue_plus
Vaults:3: gammafunk_ghost_arena, dpeg_vaults_monster_row,
          ontoclasm_vaults_shuriken, vaults_room_ringed_pool,
          hangedman_vaults_locks, nicolae_vaults_minivaults,
          ontoclasm_vaults_misaligned, vaults_standard_mumra_lines,
          nicolae_vaults_circle_grid_a, hangedman_vaults_impose, v_misc_19,
          vaults_room_fours, v_misc_29, v_misc_24, nicolae_vaults_rhombus_5,
          ontoclasm_vaults_chip, ontoclasm_vaults_pinch, layout_vaults_big_cross
Vaults:4: v_misc_1, hangedman_vaults_maws, hangedman_vaults_pinch,
          grunt_vaults_hallway_short, grunt_vaults_diagonal,
          ontoclasm_vaults_echo, vaults_room_corners, hangedman_vaults_stitches,
          layout_vaults_quadrants, serial_shops, shop
Vaults:5: serial_shops, uniq_mennas
Depths:1: layout_basic, gammafunk_ghost_tricky_traps,
          hangedman_tar_grid_catacomb, rand_demon_pan_entry_4,
          nrook_mini_backslash, nicolae_twisting_strands,
          minmay_misc_feat_columns, drop_trap, solitary_fountain,
          grunt_decor_one_mirror, roderic_filled_cross,
          nicolae_uskayaw_en_pointe, uniq_asterion
Depths:2: cheibrodos_leafed_vault, layout_gridville, abyss_entry, pan_entry,
          nicolae_ashenzari_skybound, lightli_too_deep, minivault_16
Depths:3: gammafunk_its_a_trap, layout_long_grid, enter_ziggurat_c, hell_entry,
          abyss_entry, nicolae_ru_the_path_less_chosen,
          infiniplex_staircase_split_hallway, firewood_loft, uniq_boris
Zig:11

Skill      XL: |  1  2  3  4  5  6  7  8  9 10 11 12 13 14 15 16 17 18 19 20 21 22 23 24 25 26 |
---------------+-------------------------------------------------------------------------------+-----
Spellcasting   | 3 4 5 6 7 8 10 11 13 14 15 16 18 20 22 23 | 23.0
Earth Magic    | 4 5 6 7 8 9 10 12 13 15 19 20 | 20.0
Conjurations   | 2 5 6 7 8 9 |  9.0
Invocations    | 2 5 6 8 10 12 | 12.0
Fighting       | 1 3 |  3.6
Transmutations | 3 6 11 13 14 | 14.0
Ice Magic      | 2 5 8 9 |  9.0
Air Magic      | 2 5 8 9 10 13 17 18 19 20 | 20.4
Necromancy     | 2 7 10 12 13 | 13.5
Translocations | 3 4 8 |  8.0
Maces & Flails | 3 7 8 |  8.0
Evocations     | 2 6 8 |  8.0
Poison Magic   | 5 8 9 10 | 10.0
Shields        | 1 5 10 13 16 | 16.0
Dodging        | 7 10 | 10.0
Long Blades    | 6 |  6.4
Stealth        | |  1.4

Action                   |  1- 3 |  4- 6 |  7- 9 | 10-12 | 13-15 | 16-18 | 19-21 | 22-24 | 25-27 || total
-------------------------+-------+-------+-------+-------+-------+-------+-------+-------+-------++-------
Melee: Great mace        |       |       |     2 |    33 |    27 |    44 |    48 |       |       ||   154
       Staff             |       |       |       |       |     6 |       |     1 |     4 |     2 ||    13
       Kick              |       |       |       |       |       |       |       |     1 |     1 ||     2
       Broad axe         |       |       |       |       |       |       |       |       |     1 ||     1
Throw: Throwing net      |       |       |       |     1 |     1 |       |       |       |       ||     2
 Cast: Sandblast         |    16 |    55 |   122 |    59 |    24 |       |     3 |       |       ||   279
       Stone Arrow       |       |     1 |    42 |    75 |    70 |    35 |    10 |    57 |       ||   290
       Passwall          |       |       |     6 |     6 |    13 |    15 |     4 |    16 |    13 ||    73
       Petrify           |       |       |     1 |     3 |     4 |       |       |       |       ||     8
       Freezing Cloud    |       |       |       |    36 |    93 |    61 |    61 |    37 |    51 ||   339
       Apportation       |       |       |       |       |    27 |    68 |    65 |    67 |    97 ||   324
       Lightning Bolt    |       |       |       |       |    14 |     3 |    22 |    35 |     6 ||    80
       Borgnjor's Vile C |       |       |       |       |    27 |   101 |    57 |   182 |    48 ||   415
       Death Channel     |       |       |       |       |     7 |    22 |    16 |    30 |    17 ||    92
       Statue Form       |       |       |       |       |       |    23 |    19 |    31 |    17 ||    90
       Eringya's Noxious |       |       |       |       |       |     6 |    21 |     6 |    17 ||    50
       Animate Dead      |       |       |       |       |       |       |     9 |    19 |    12 ||    40
       Passage of Golubr |       |       |       |       |       |       |       |   158 |    92 ||   250
       Maxwell's Capacit |       |       |       |       |       |       |       |     9 |     2 ||    11
       Iron Shot         |       |       |       |       |       |       |       |   165 |   120 ||   285
       Blink             |       |       |       |       |       |       |       |     6 |     3 ||     9
Invok: Channel Magic     |       |       |       |     3 |     5 |     5 |     6 |    10 |     2 ||    31
       Forget Spell      |       |       |       |       |       |       |     1 |     2 |       ||     3
 Abil: End Transformatio |       |       |       |       |       |     4 |     8 |     3 |     3 ||    18
Evoke: Condenser vane    |       |       |       |     1 |       |       |       |       |     1 ||     2
       Wand              |       |       |       |       |     4 |     3 |       |     5 |     4 ||    16
  Use: Scroll            |       |       |    17 |     8 |     6 |     5 |     4 |     8 |    16 ||    64
       Potion            |       |       |       |       |       |     5 |     4 |     6 |     1 ||    16
 Stab: Petrified         |       |       |     2 |     5 |       |       |       |       |       ||     7
       Distracted        |       |       |       |       |       |     1 |     1 |       |       ||     2
Armor: Robe              |     1 |    11 |    14 |    46 |       |       |       |       |       ||    72
       Steam dragon scal |       |       |       |    27 |       |       |       |       |       ||    27
       Troll leather arm |       |       |       |     1 |    53 |     5 |    22 |    22 |     2 ||   105
       Skin              |       |       |       |       |       |   287 |   173 |   437 |   156 ||  1053
Dodge: Dodged            |     5 |    24 |    36 |    62 |    82 |   187 |   110 |   294 |   143 ||   943
Block: Kite shield       |       |       |       |       |       |       |    19 |    29 |       ||    48
       Reflection        |       |       |       |       |       |       |    10 |     6 |       ||    16
       Buckler           |       |       |       |       |       |       |       |   212 |   105 ||   317
